 Dungeon Crawl Stone Soup version 0.25-a0-2-g6559c6c67a (webtiles) character file.

Game seed: 17630030737481151922, levelgen mode: deterministic

35 Arixos the Charmwright (level 3, 0/18 HPs)
             Began as a Vine Stalker Skald on Oct 14, 2019.
             Succumbed to an adder's poison
             ... on level 2 of the Dungeon.
             The game lasted 00:03:37 (830 turns).

Arixos the Charmwright (Vine Stalker Skald)          Turns: 830, Time: 00:03:37

Health: 0/18       AC:  3    Str: 13    XL:     3   Next: 35%
Magic:  1/7        EV: 12    Int: 13    God:
Gold:   54         SH:  0    Dex: 14    Spells: 1/7 levels left

rFire    . . .     SeeInvis .   a - +0 falchion
rCold    . . .     Gourm    .   (no shield)
rNeg     . . .     Faith    .   b - +0 leather armour
rPois    .         Spirit   +   (no helmet)
rElec    .         Reflect  .   (no cloak)
rCorr    .         Harm     .   (no gloves)
MR       .....                  (no boots)
Stlth    +.........             (no amulet)
HPRegen  0.06/turn              (no ring)
MPRegen  0.10/turn              (no ring)

@: lethally poisoned (0 -> -5), very slightly contaminated
A: fangs 2, magic shield, antimagic bite, no potion heal 3, rot immunity
a: no special abilities


You were on level 2 of the Dungeon.
You were not hungry.

You visited 1 branch of the dungeon, and saw 2 of its levels.

You collected 54 gold pieces.

Inventory:

Hand Weapons
 a - a +0 falchion (weapon)
Missiles
 j - 15 poisoned darts (quivered)
Armour
 b - a +0 leather armour (worn)
Jewellery
 o - an uncursed amulet of the gourmand {unknown}
Scrolls
 e - 3 scrolls of identify {unknown}
 g - a scroll of fear {unknown}
 h - a scroll of enchant weapon {unknown}
 i - a scroll of enchant armour {unknown}
 m - a scroll of teleportation {unknown}
 n - a scroll of remove curse {unknown}
Potions
 c - a potion of resistance {unknown}
 f - 2 potions of curing {unknown}
 l - a potion of heal wounds {unknown}
Comestibles
 d - 2 rations
 k - 8 chunks of flesh


   Skills:
 + Level 2.1 Fighting
 + Level 2.0 Long Blades
 - Level 0.7 Armour
 + Level 1.9 Dodging
 + Level 2.5 Spellcasting
 + Level 3.2 Charms
 + Level 0.1 Necromancy
 + Level 0.4 Translocations


You had one spell level left.
You knew the following spells:

 Your Spells              Type           Power        Failure   Level  Hunger
a - Infusion              Chrm           ##..         9%          1    #......
r - Regeneration          Chrm/Necr      #.........   41%         3    ###....
s - Shroud of Golubria    Chrm/Tloc      #.....       22%         2    ###....

Your spell library contained the following spells:

 Spells                   Type           Power        Failure   Level  Hunger
 Beastly Appendage        Tmut           #.....       30%         1    #......
 Song of Slaying          Chrm           ##......     12%         2    ###....
 Sticks to Snakes         Tmut           #.......     43%         2    ###....
 Spectral Weapon          Hex/Chrm       #.......     43%         3    ###....
 Spider Form              Tmut/Pois      #.........   67%         3    ###....
 Ice Form                 Ice/Tmut       #.......     97%         4    #####..
 Blade Hands              Tmut           #.........   100%        5    ######.


Dungeon Overview and Level Annotations

Branches:
Dungeon (2/15)

Altars:


Innate Abilities, Weirdness & Mutations

You have extremely sharp teeth.
When hurt, damage is shared between your health and your magic reserves.
Your bite disrupts and absorbs the magic of your enemies.
Potions cannot restore your health.
You are immune to rotting.


Message History

Your shroud begins to fray at the edges.
Your shroud bends the adder's attack away.
The adder bites you but does no damage.
You hit the adder.
The adder is severely wounded.
The adder bites you but does no damage.
You hit the adder.
You kill the adder!
* * * LOW HITPOINT WARNING * * *
You feel sick. The kobold misses you.
You barely miss the kobold. The kobold closely misses you.
You riposte.
You hit the kobold.
You kill the kobold!
A frilled lizard comes into view.
A kobold comes into view. It is wielding a +0 club.
* * * LOW HITPOINT WARNING * * *
You feel sick.
The frilled lizard hisses angrily.
Your shroud unravels.
You die...

.. .. #. #. #. .. #. #.
### #.########.## .#..
#.).l.@..#..# #....
#.....#######.##.###..#
#.... #.##..##.###.###
#...
.#####h##.........#..
##. .......l.#...#.#
#.# # ..#####.÷..#.#.#
#.# #..÷.#...#####.#
#....##.....(...
#....##..####.##


You could see a frilled lizard.

Vanquished Creatures
  An adder (D:2)
  A dart slug (D:1)
  2 leopard geckos
  A ball python (D:1)
  2 bats
  2 giant cockroaches (D:1)
  A goblin (D:1)
  3 jackals (D:2)
  4 kobolds
  3 rats (D:1)
20 creatures vanquished.

Notes
Turn   | Place    | Note
-------+----------+-------------------------------------------
     0 | D:1      | Arixos the Vine Stalker Skald began the quest for the Orb.
     0 | D:1      | Reached XP level 1. HP: 11/11 MP: 4/4
   113 | D:1      | Reached XP level 2. HP: 8/15 MP: 3/6
   117 | D:1      | Learned a level 2 spell: Shroud of Golubria
   747 | D:2      | Reached XP level 3. HP: 8/18 MP: 2/7
   752 | D:2      | Learned a level 3 spell: Regeneration
   830 | D:2      | Succumbed to an adder's poison

Levels and vault maps discovered:
D:1:      arrival_zaba_pyramid, layout_basic
D:2:      layout_basic, uniq_crazy_yiuf_cottage, uniq_jessica, uniq_robin

Skill      XL: |  1  2 |
---------------+-------+-----
Long Blades    | 2 |  2.0
Fighting       | 2 |  2.1
Armour         | |  0.7
Dodging        | |  1.9
Spellcasting   | |  2.5
Charms         | |  3.2
Necromancy     | |  0.1
Translocations | |  0.4

Action                   || total
-------------------------++-------
Melee: Falchion          ||    51
       Bite              ||     9
 Cast: Shroud of Golubri ||     3
 Stab: Sleeping          ||     2
Armor: Leather armour    ||    12
Dodge: Dodged            ||    45
       Rpst.: Falchion   ||    18

Table legend:
 A = Non-vault XP
 B = Vault XP
 C = Vault XP percentage of total XP
 D = Non-vault monster count
 E = Vault monster count
 F = Vault count percentage of total count
                 A         B        C        D         E       F
            +---------+---------+-------+---------+---------+-------
      Total |      51 |       0 |   0.0 |      20 |       0 |   0.0
            +---------+---------+-------+---------+---------+-------
        D:1 |      26 |       0 |   0.0 |      13 |       0 |   0.0
        D:2 |      25 |       0 |   0.0 |       7 |       0 |   0.0
            +---------+---------+-------+---------+---------+-------
